 Dungeon Crawl Stone Soup version 0.18-b1-10-g3f7de93 (webtiles) character file.

21 syage the Skirmisher (level 2, -1/24 HPs)
             Began as a Demonspawn Fighter on Apr 29, 2016.
             Slain by Natasha (2 damage)
             ... on level 2 of the Dungeon.
             The game lasted 00:01:52 (778 turns).

syage the Skirmisher (Demonspawn Fighter)            Turns: 778, Time: 00:01:52

Health: -1/24      AC:  6    Str: 16    XL:     2   Next: 65%
Magic:  2/2        EV:  6    Int: 11    God:
Gold:   85         SH:  8    Dex: 12    Spells: 0 memorised, 1 level left

rFire  . . .     SeeInvis .     a - +0 long sword
rCold  . . .     Gourm    .     b - +0 scale mail
rNeg   . . .     Faith    .     c - +0 shield
rPois  .         Spirit   .     (helmet restricted)
rElec  .         Dismiss  .     (no cloak)
rCorr  .         Reflect  .     (no gloves)
SustAt .         Harm     .     (no boots)
MR     .....                    (no amulet)
Stlth  ..........               (no ring)
                                j - +2 ring of intelligence

@: not resistant to hostile enchantments, extremely unstealthy
A: antennae 1
a: no special abilities


You were on level 2 of the Dungeon.
You were not hungry.

You visited 1 branch of the dungeon, and saw 2 of its levels.

You collected 85 gold pieces.

Inventory:

Hand Weapons
 a - a +0 long sword (weapon)
Armour
 b - a +0 scale mail (worn)
 c - a +0 shield (worn)
Jewellery
 j - a +2 ring of intelligence (left hand)
Scrolls
 g - a scroll of magic mapping {unknown}
Potions
 d - a potion of might
 e - 2 potions of curing {unknown}
 h - a potion of degeneration {unknown}
 i - 2 potions of resistance {unknown}
 k - a potion of heal wounds {unknown}
 o - a potion of mutation {unknown}
Comestibles
 f - a bread ration
 l - a royal jelly
 m - 2 meat rations
 n - a beef jerky


   Skills:
 + Level 3.3 Fighting
 + Level 2.1 Long Blades
 + Level 3.1 Armour
 + Level 0.1 Dodging
 - Level 2.6 Shields


You had one spell level left.
You didn't know any spells.

Dungeon Overview and Level Annotations

Branches:
Dungeon (2/15)

Altars:
Cheibriados

Annotations:
D:2 Natasha


Innate Abilities, Weirdness & Mutations

You have a pair of small antennae on your head.


Message History

Natasha mumbles some strange words.
Natasha's fingertips start to glow.
Natasha claws you but does no damage.
The crimson imp grinds its teeth.
The crimson imp barely misses you. Natasha claws you but does no damage.
You block the crimson imp's attack.
Natasha casts a spell.
The crimson imp disappears in a puff of smoke!
Your scale mail prevents you from hitting the crimson imp.
The crimson imp hits you but does no damage.
The crimson imp blinks!
You slash Natasha!
Natasha is almost dead.
Natasha claws you!
* * * LOW HITPOINT WARNING * * *
The crimson imp puffs mist at you.
Your scale mail prevents you from hitting Natasha.
Natasha is almost dead.
Natasha claws you.
You die...

# # #. .. #. #.# ... # #.#
#.# .... .# ...#.#
.....#####.#.### ###.#.#
..........5..... .. ......
#######..#########.### #[#.#
#.........h@........ #....
#.....5..####.....######.#.#
#........# #...............
####.....## #.............^#
#.......# #....#####......
#.##.##.###)..............
#>#..#.........#####.####.
#.#............#.....#..).
#.#............#.#####.##.


You could see Natasha and a crimson imp.

Vanquished Creatures
  An ooze (D:2)
  A giant cockroach (D:1)
  2 goblins (D:2)
  5 hobgoblins
  3 kobolds
  A bat (D:1)
  3 rats
16 creatures vanquished.

Notes
Turn   | Place    | Note
--------------------------------------------------------------
     0 | D:1      | syage the Demonspawn Fighter began the quest for the Orb.
     0 | D:1      | Reached XP level 1. HP: 18/18 MP: 1/1
   142 | D:1      | Found a snail-covered altar of Cheibriados.
   411 | D:1      | Gained mutation: You have a pair of small antennae on your head. [demonic ancestry]
   411 | D:1      | Reached XP level 2. HP: 24/24 MP: 2/2
   758 | D:2      | Noticed Natasha
   765 | D:2      | Noticed a crimson imp
   770 | D:2      | Noticed a crimson imp
   777 | D:2      | HP: 1/24 [Natasha (7)]
   778 | D:2      | Slain by Natasha

Skill      XL: |  1  2 |
---------------+-------+-----
Long Blades    | 2 |  2.1
Armour         | 3 |  3.1
Fighting       | |  3.3
Dodging        | |  0.1
Shields        | |  2.6

Action                   || total
-------------------------++-------
Melee: Long sword        ||    63
Armor: Scale mail        ||    25
Dodge: Dodged            ||    17
Block: Shield            ||    31
